 Dungeon Crawl Stone Soup version 0.18.1-5-g4a78601 (webtiles) character file.

139610 dodik the Shatterer (level 17, -13/207 HPs)
             Began as an Ogre Hunter on May 11, 2016.
             Was a High Priest of Trog.
             Mangled by a merfolk impaler
             ... wielding a +2 trident of freezing
              (20 damage)
             ... on level 4 of the Shoals on May 12, 2016.
             The game lasted 04:23:53 (32637 turns).

dodik the Shatterer (Ogre Hunter)                  Turns: 32637, Time: 04:23:55

Health: -13/207    AC: 10    Str: 26    XL:     17   Next: 28%
Magic:  6/6        EV:  9    Int: 10    God:    Trog [*****.]
Gold:   2451       SH:  0    Dex: 14    Spells: 0 memorised, 16 levels left

rFire  . . .     SeeInvis +     w - +5 giant spiked club (antimagic)
rCold  . . .     Gourm    .     P - +2 troll leather armour
rNeg   . . .     Faith    .     (shield currently unavailable)
rPois  +         Spirit   .     a - +1 hat
rElec  .         Dismiss  .     h - +1 cloak {+Inv}
rCorr  .         Reflect  +     (gloves unavailable)
SustAt .         Harm     .     (boots unavailable)
MR     +++..                    U - +3 amulet of reflection
Stlth  ++........               k - ring of poison resistance
                                e - +4 ring of strength

@: about to teleport, very slightly contaminated, held, regenerating, hasted,
very quick, extremely resistant to hostile enchantments, unstealthy
A: unfitting armour, repulsion field 1, see invisible, sense surroundings 1,
robust 1, tough skin 1
a: Berserk, Trog's Hand, Brothers in Arms, Burn Spellbooks, Renounce Religion,
Evoke Invisibility


You were on level 4 of the Shoals.
You worshipped Trog.
Trog was extremely pleased with you.
You were not hungry.

You visited 5 branches of the dungeon, and saw 28 of its levels.
You also visited: Ice Cave.

You collected 3429 gold pieces.
You spent 978 gold pieces at shops.

Inventory:

Hand Weapons
 q - a +4 blowgun
 w - a +5 antimagic giant spiked club (weapon)
 C - the +5 giant club of Undoing {vamp, rElec Dex+3 SInv}
   (Trog gifted it to you on level 3 of the Shoals)

   It inflicts no extra harm, but heals its wielder somewhat when it strikes a
   living foe.
   It affects your dexterity (+3).
   It insulates you from electricity.
   It lets you see invisible.
Missiles
 g - 3 javelins of returning
 i - 5 steel tomahawks
 z - 6 steel javelins
 E - 13 curare-tipped needles
 J - 5 javelins of penetration
 O - 6 throwing nets
 V - 10 exploding tomahawks
 Z - 49 large rocks (quivered)
Armour
 a - a +1 hat (worn)
 h - a +1 cloak of invisibility (worn)
 P - a +2 troll leather armour (worn)
 Q - a +2 shadow dragon armour
Jewellery
 e - a +4 ring of strength (left hand)
 k - a ring of poison resistance (right hand)
 U - a +3 amulet of reflection (around neck)
Wands
 j - a wand of slowing (25/48)
 l - a wand of hasting (5/9)
 D - a wand of hasting (3/9)
 F - a wand of acid (5/15)
 L - a wand of flame (15/48)
 R - a wand of disintegration (6/24)
 S - a wand of iceblast (5/15)
 T - a wand of random effects (29/48)
 X - a wand of flame (30/48)
Scrolls
 d - 9 scrolls of identify
 n - 2 scrolls of magic mapping
 p - 2 scrolls of fog
 t - 9 scrolls of teleportation
 u - 13 scrolls of remove curse
 x - a scroll of fear
 y - a scroll of immolation
 A - 3 scrolls of blinking
 G - 2 scrolls of recharging
Potions
 c - a potion of cancellation
 o - a potion of might
 r - 2 potions of agility
 s - a potion of resistance
 v - 3 potions of flight
 B - 2 potions of haste
 H - 4 potions of ambrosia
 I - 2 potions of lignification
 K - a potion of invisibility
 M - 6 potions of curing
 W - 2 potions of heal wounds
Miscellaneous
 b - a phial of floods (inert)
 m - a plain deck of summoning {drawn: 2}
Comestibles
 f - 11 bread rations
 N - a slice of pizza
 Y - 2 meat rations


   Skills:
 + Level 16.9 Fighting
 * Level 22.6 Maces & Flails
 + Level 17.2 Throwing
 + Level 0.5 Armour
 + Level 11.1 Dodging
 - Level 3.0 Stealth
 - Level 4.0 Evocations


You had 16 spell levels left.
You didn't know any spells.

Dungeon Overview and Level Annotations

Branches:
Dungeon (13/15)            Temple (1/1) D:5            Lair (8/8) D:10
 Shoals (4/4) Lair:5       Spider (0/4) Lair:6        Slime (0/6) Lair:6
    Orc (2/2) D:10            Elf (0/3) Orc:2        Vaults (0/5) D:13

Altars:
Fedhas
Kikubaaqudgha
Makhleb
Okawaru
Pakellas
Ru
Sif Muna
Trog
Vehumet
Xom
Zin
The Shining One
Beogh

Shops:
D:11 }   Orc:2 ![}:   Shoals:3 [

Annotations:
D:7 swiechu's ghost, novice MiBe
D:10 Erolcha


Innate Abilities, Weirdness & Mutations

You are too large for most types of armour.
You have tough skin (AC +1).
You are surrounded by a mild repulsion field (EV +2).
You have supernaturally acute eyesight.
You passively map a small area around you.
You are robust (+10% HP).


Message History

You feel yourself speed up.
You are very lightly contaminated with residual magic.
This wand has 3 charges left.
The merfolk impaler hits you with a trident of protection!
* * * LOW HITPOINT WARNING * * *
The merfolk impaler hits you from afar with an enchanted trident!
* * * LOW HITPOINT WARNING * * *
Your purple ugly thing tentacle-slaps the merfolk!
The merfolk impaler hits you from afar with a trident of freezing!
* * * LOW HITPOINT WARNING * * *
The merfolk impaler freezes you.
* * * LOW HITPOINT WARNING * * *
The merfolk hits you from afar with a trident.
* * * LOW HITPOINT WARNING * * *
The merfolk impaler hits you but does no damage.
The merfolk hits you from afar with a trident!
* * * LOW HITPOINT WARNING * * *
The merfolk impaler closely misses you.
The merfolk impaler hits you from afar with a trident of freezing!!
You die... ≈ ≈ ≈≈≈≈≈..........# ≈ ≈ ≈≈≈≈≈........##.m# , * ≈≈≈≈≈≈≈≈≈≈≈≈.......(# m.Cm ..≈≈≈≈≈≈...≈≈≈.m.≈≈..# #m#w ...........≈≈≈..≈≈≈C.# * ,wZ

..........≈≈≈≈..H≈≈..## , t
..........≈≈≈..ummm..≈# ,,≈
..<....P..≈...P.≈m..≈≈## *
................@.m.≈≈≈# * ≈
.≈≈..........≈P≈...≈≈≈≈#
###............≈≈≈≈≈≈≈≈≈≈≈ ≈
≈ ≈..##....P...≈P≈P≈≈≈≈≈≈≈≈≈
%..##..)....≈PP≈≈≈P≈≈≈≈≈≈≈≈
≈
#..##..≈P.PP≈P≈≈≈≈≈≈≈≈≈≈≈≈≈≈
.≈.#≈≈≈≈≈≈PP≈≈≈P≈≈≈≈≈≈≈≈≈≈
#..##≈≈≈≈≈≈≈≈≈≈≈≈≈≈≈≈≈≈≈≈≈
..≈#≈≈≈P≈≈PPP≈≈≈≈≈≈≈≈≈≈≈≈


You could see a frost giant, 3 merfolk impalers, a griffon, 3 merfolk and a
friendly purple ugly thing.

Vanquished Creatures
  Nikola (Shoals:1)
  Gastronok (D:12)
  Frances (Shoals:1)
  2 frost giants
  Aizul (Shoals:1)
  Nessos (Lair:8)
  5 merfolk impalers
  Harold (Lair:4)
  An ice dragon (Lair:8)
  5 hydras
  Erica (D:10)
  2 merfolk avatars
  The ghost of gitgud34 the Grappler, a novice TrMo of Makhleb (D:10)
  3 merfolk aquamancers
  11 death yaks
  8 orc high priests (Orc:2)
  Sonja (Lair:4)
  A skeletal warrior (D:13)
  2 unseen horrors
  4 hill giants
  2 lindwurms (Lair:8)
  7 sea snakes
  3 harpies (Shoals:2)
  The ghost of IcyTea the Carver, a novice HOFi (D:5)
  2 orc sorcerers
  3 orc knights
  A mana viper (Lair:5)
  An oklob plant (Lair:6)
  5 fauns
  6 griffons
  18 elephants
  An ugly thing (D:12)
  5 manticores
  10 cyclopes
  7 black mambas
  5 sirens
  A gargoyle (D:13)
  6 torpor snails
  An ice statue (IceCv)
  15 spiny frogs
  An efreet (D:13)
  9 komodo dragons
  2 rime drakes
  A kobold demonologist (D:12)
  7 jumping spiders (Lair:6)
  17 merfolk
  3 trolls
  24 polar bears
  A two-headed ogre (D:9)
  6 giant leeches (Lair:8)
  Prince Ribbit (D:8)
  3 slime creatures (D:12)
  4 raiju (Lair:8)
  A wind drake (Shoals:3)
  24 blink frogs
  A boulder beetle (Lair:8)
  4 snapping turtles
  A redback (Lair:6)
  13 water elementals
  3 wyverns
  74 yaks
  A hungry ghost (D:12)
  17 humans
  15 hippogriffs
  4 basilisks
  3 vampire mosquitoes (D:12)
  2 mottled dragons
  15 wargs
  4 hell hounds (Lair:8)
  3 porcupines
  17 water moccasins
  3 sky beasts
  13 black bears (Lair:8)
  3 ice beasts
  20 orc warriors
  4 wasps (Lair:8)
  10 ogres
  7 phantoms
  39 wolves
  7 centaurs
  24 crocodiles
  6 big kobolds
  21 giant frogs
  A gnoll sergeant (D:6)
  A wyvern skeleton (D:9)
  4 scorpions
  A water moccasin skeleton (D:8)
  11 killer bees
  3 vampire bats (D:3)
  4 wights (D:12)
  3 howler monkeys
  3 electric eels
  3 centaur zombies
  8 crimson imps
  16 hounds
  3 iron imps (D:3)
  A centaur skeleton (D:8)
  21 orc wizards
  5 jellies
  46 orc priests
  A giant frog skeleton (D:10)
  8 iguanas
  4 hell rats (Lair:7)
  9 worker ants
  10 sheep
  2 worker ant zombies
  2 howler monkey zombies
  5 gnolls (D:6)
  51 river rats
  17 adders
  A shadow imp (D:12)
  7 white imps
  5 oozes
  24 worms
  2 giant geckos
  109 orcs
  A bat skeleton (D:3)
  4 bat zombies (D:3)
  4 giant cockroaches
  9 goblins
  6 hobgoblins
  16 jackals
  4 quokkas
  A ball python (D:2)
  7 bats
  A giant gecko skeleton (D:7)
  3 giant newts
  A jackal skeleton (D:7)
  22 kobolds
  2 quokka zombies
  7 rats
  A fungus (Lair:6)
  11 plants
1082 creatures vanquished.

Vanquished Creatures (collateral kills)
  A cyclops (Shoals:1)
  An elephant (Lair:6)
  A manticore (D:13)
  A spiny frog (Lair:2)
  3 blink frogs (Lair:1)
  A water elemental (Shoals:4)
  2 yaks (Lair:1)
  A basilisk (D:13)
  An orc warrior (D:10)
  A porcupine (Lair:1)
  2 centaurs
  4 killer bees
  A howler monkey (D:12)
  An orc priest (D:10)
  An iguana (Lair:2)
  6 white imps (D:11)
28 creatures vanquished.

Vanquished Creatures (others)
  A merfolk (Shoals:1)
  4 wolves (IceCv)
  66 fungi
  64 plants
  2 tentacles (Shoals:4)
137 creatures vanquished.

Grand Total: 1247 creatures vanquished

Notes
Turn   | Place    | Note
--------------------------------------------------------------
     0 | D:1      | dodik the Ogre Hunter began the quest for the Orb.
     0 | D:1      | Reached XP level 1. HP: 22/22 MP: 1/1
   290 | D:1      | Reached skill level 1 in Maces & Flails
   290 | D:1      | Reached XP level 2. HP: 28/31 MP: 2/2
   884 | D:2      | Reached skill level 2 in Maces & Flails
   934 | D:2      | Reached XP level 3. HP: 37/37 MP: 3/3
   987 | D:2      | Found a bloodstained altar of Trog.
   998 | D:2      | Became a worshipper of Trog the Wrathful
  1284 | D:2      | Reached skill level 3 in Maces & Flails
  1284 | D:2      | Reached XP level 4. HP: 43/46 MP: 4/4
  1632 | D:3      | Reached * piety under Trog
  1904 | D:3      | Found an ancient bone altar of Kikubaaqudgha.
  1913 | D:3      | Reached skill level 4 in Maces & Flails
  1913 | D:3      | Reached XP level 5. HP: 45/54 MP: 5/5
  2180 | D:3      | Reached skill level 5 in Throwing
  2189 | D:3      | Reached skill level 5 in Maces & Flails
  2189 | D:3      | Reached XP level 6. HP: 63/63 MP: 6/6
  2569 | D:3      | Found a burning altar of Makhleb.
  2586 | D:3      | Reached skill level 5 in Fighting
  2888 | D:4      | Found a sacrificial altar of Ru.
  3006 | D:4      | Noticed a phantom
  3214 | D:4      | Killed a phantom
  3214 | D:4      | Reached skill level 6 in Maces & Flails
  3214 | D:4      | Reached XP level 7. HP: 44/72 MP: 7/7
  3356 | D:4      | Found an iron altar of Okawaru.
  3404 | D:4      | Reached ** piety under Trog
  3528 | D:4      | Found a glowing golden altar of the Shining One.
  3572 | D:4      | Found an oddly glowing altar of Pakellas.
  3588 | D:4      | Reached skill level 7 in Maces & Flails
  4050 | D:4      | Reached skill level 8 in Maces & Flails
  4050 | D:4      | Reached XP level 8. HP: 81/83 MP: 8/8
  4104 | D:5      | Entered Level 5 of the Dungeon
  4104 | D:5      | Noticed IcyTea's ghost (novice HOFi)
  4305 | D:5      | Found a blossoming altar of Fedhas.
  4379 | D:5      | Gained mutation: You are surrounded by a mild repulsion field (EV +2). [potion of beneficial mutation]
  4419 | D:5      | Killed IcyTea's ghost
  4419 | D:5      | Reached skill level 9 in Maces & Flails
  4501 | D:5      | Reached skill level 10 in Maces & Flails
  4582 | D:5      | Found a staircase to the Ecumenical Temple.
  4592 | Temple   | Entered the Ecumenical Temple
  4707 | D:5      | Reached XP level 9. HP: 76/89 MP: 9/9
  4890 | D:6      | Reached skill level 11 in Maces & Flails
  4910 | D:6      | Reached *** piety under Trog
  5060 | D:6      | Found a deep blue altar of Sif Muna.
  5300 | D:6      | Gained mutation: You have supernaturally acute eyesight. [mutagenic meat]
  5304 | D:6      | Gained mutation: You passively map a small area around you. [mutagenic meat]
  5318 | D:6      | Reached skill level 12 in Maces & Flails
  5682 | D:7      | Noticed swiechu's ghost (novice MiBe)
  5805 | D:7      | Reached skill level 13 in Maces & Flails
  5825 | D:7      | Reached **** piety under Trog
  6303 | D:7      | Found a radiant altar of Vehumet.
  6489 | D:7      | Reached XP level 10. HP: 98/98 MP: 10/10
  6602 | D:7      | Found a glowing silver altar of Zin.
  6822 | D:8      | Reached skill level 14 in Maces & Flails
  6853 | D:8      | Found a shimmering altar of Xom.
  6865 | D:8      | Noticed Prince Ribbit
  7502 | D:8      | Killed Prince Ribbit
  7698 | D:9      | Received a gift from Trog
  7948 | D:9      | Reached skill level 15 in Maces & Flails
  8539 | D:10     | Entered Level 10 of the Dungeon
  8539 | D:10     | Noticed Erolcha
  8694 | D:10     | Noticed an unseen horror
  8705 | D:10     | Killed an unseen horror
  8705 | D:10     | Reached XP level 11. HP: 101/111 MP: 11/11
  8743 | D:10     | Reached skill level 16 in Maces & Flails
  8880 | D:10     | Noticed Erica
  8892 | D:10     | Killed Erica
  8892 | D:10     | Reached skill level 5 in Dodging
  8988 | D:10     | Noticed gitgud34's ghost (novice TrMo)
  9012 | D:10     | Killed gitgud34's ghost
  9131 | D:10     | Found a staircase to the Lair.
  9157 | D:10     | Reached skill level 10 in Fighting
  9589 | D:10     | Noticed an orc knight
  9604 | D:10     | Received a gift from Trog
  9710 | D:10     | Noticed an orc knight
  9719 | D:10     | Killed an orc knight
  9766 | D:10     | Found a roughly hewn altar of Beogh.
  9766 | D:10     | Found a staircase to the Orcish Mines.
  9800 | D:10     | Killed an orc knight
 10007 | Lair:1   | Entered Level 1 of the Lair of Beasts
 10055 | Lair:1   | Received a gift from Trog
 10283 | Lair:1   | Reached XP level 12. HP: 103/130 MP: 12/12
 10644 | Lair:1   | Reached skill level 17 in Maces & Flails
 10685 | Lair:1   | Reached ***** piety under Trog
 11291 | Lair:2   | Received a gift from Trog
 12992 | Lair:4   | Got a steaming spear
 12993 | Lair:4   | Identified the +8 spear of Deschec {flame, +Rage +Inv rPois Str-3} (You found it on level 4 of the Lair of Beasts)
 13101 | Lair:4   | Noticed Sonja
 13110 | Lair:4   | Killed Sonja
 13181 | Lair:4   | Noticed Harold
 13204 | Lair:4   | Killed Harold
 13204 | Lair:4   | Reached XP level 13. HP: 79/144 MP: 4/13
 13336 | Lair:4   | Got a translucent long sword
 13337 | Lair:4   | Identified the +1 long sword of Attainder {venom, rC+ Int-5 SInv Stlth+} (You found it on level 4 of the Lair of Beasts)
 13419 | Lair:4   | Received a gift from Trog
 13866 | Lair:4   | Reached skill level 18 in Maces & Flails
 14012 | Lair:5   | Found a staircase to the Shoals.
 15926 | Lair:6   | Found a hole to the Spider Nest.
 16085 | Lair:6   | Reached skill level 10 in Throwing
 16275 | Lair:6   | Received a gift from Trog
 16448 | Lair:6   | Reached skill level 1 in Evocations
 16493 | Lair:6   | Reached skill level 19 in Maces & Flails
 16689 | Lair:6   | Found a staircase to the Slime Pits.
 16754 | Lair:6   | Received a gift from Trog
 17069 | Lair:6   | Reached XP level 14. HP: 156/157 MP: 5/15
 17246 | Lair:6   | Received a gift from Trog
 17980 | Lair:7   | Received a gift from Trog
 18395 | Lair:7   | Reached skill level 15 in Fighting
 18772 | Lair:7   | Gained mutation: You are robust (+10% HP). [potion of beneficial mutation]
 19100 | Lair:7   | Reached skill level 20 in Maces & Flails
 19518 | Lair:8   | Entered Level 8 of the Lair of Beasts
 19584 | Lair:8   | Reached skill level 1 in Stealth
 19779 | Lair:8   | Noticed Nessos
 20043 | Lair:8   | Received a gift from Trog
 20927 | Lair:8   | Reached XP level 15. HP: 183/183 MP: 6/18
 21085 | Lair:8   | Found a runed door.
 21091 | Lair:8   | Received a gift from Trog
 22021 | Lair:8   | Received a gift from Trog
 22181 | Lair:8   | Killed Nessos
 22884 | D:11     | Found a frozen archway.
 22907 | D:11     | Found Pacushra's Quality Used Wands.
 22914 | IceCv    | Entered an ice cave
 23559 | IceCv    | Received a gift from Trog
 23721 | IceCv    | Reached skill level 15 in Throwing
 23849 | IceCv    | Noticed a frost giant
 23864 | IceCv    | Killed a frost giant
 23921 | IceCv    | Got a bloodstained morningstar
 25122 | D:12     | Noticed Gastronok
 25129 | D:12     | Killed Gastronok
 25397 | D:12     | Received a gift from Trog
 25520 | D:12     | Identified the cursed +1 morningstar of Valour {crush, rF- rN+++ MP+9 Dex+4} (You found it in an ice cave)
 25935 | D:13     | Received a gift from Trog
 26012 | D:13     | Found a gate to the Vaults.
 26448 | D:13     | Reached XP level 16. HP: 190/195 MP: 6/19
 26638 | D:13     | Reached skill level 10 in Dodging
 26657 | D:13     | Reached skill level 21 in Maces & Flails
 27055 | Orc:1    | Entered Level 1 of the Orcish Mines
 27358 | Orc:1    | Received a gift from Trog
 27596 | Orc:2    | Entered Level 2 of the Orcish Mines
 28083 | Orc:2    | Found a roughly hewn altar of Beogh.
 28095 | Orc:2    | Found Vitem's Gadget Shop.
 28161 | Orc:2    | Found Iphoskem's Book Shoppe.
 28169 | Orc:2    | Bought a plain deck of summoning for 182 gold pieces
 28329 | Orc:2    | Found a staircase to the Elven Halls.
 28388 | Orc:2    | Found Velyum's Armour Shoppe.
 28388 | Orc:2    | Found Bocuek's Distillery.
 28393 | Orc:2    | Bought a +1 cloak of invisibility for 181 gold pieces
 28407 | Orc:2    | Bought a potion of curing for 45 gold pieces
 28407 | Orc:2    | Bought a potion of might for 60 gold pieces
 28407 | Orc:2    | Bought a potion of resistance for 150 gold pieces
 29046 | Shoals:1 | Entered Level 1 of the Shoals
 29201 | Shoals:1 | Received a gift from Trog
 29345 | Shoals:1 | Noticed Nikola
 29370 | Shoals:1 | Noticed Frances
 29392 | Shoals:1 | Killed Nikola
 30020 | Shoals:1 | Noticed Aizul
 30033 | Shoals:1 | Killed Aizul
 30253 | Shoals:1 | Killed Frances
 30621 | Shoals:2 | Reached skill level 22 in Maces & Flails
 30930 | Shoals:2 | Reached XP level 17. HP: 121/206 MP: 6/20
 31529 | Shoals:3 | Received a gift from Trog
 31957 | Shoals:3 | Found Rathreole's Antique Armour Shop.
 31960 | Shoals:3 | Bought a shiny troll leather armour for 360 gold pieces
 32015 | Shoals:3 | Received a gift from Trog
 32050 | Shoals:3 | Got a dazzling giant club {god gift}
 32051 | Shoals:3 | Identified the +5 giant club of Undoing {vamp, rElec Dex+3 SInv} (Trog gifted it to you on level 3 of the Shoals)
 32179 | Shoals:4 | Entered Level 4 of the Shoals
 32637 | Shoals:4 | HP: 7/207 [merfolk/trident (12)]
 32637 | Shoals:4 | Mangled by a merfolk impaler

Skill      XL: |  1  2  3  4  5  6  7  8  9 10 11 12 13 14 15 16 17 |
---------------+----------------------------------------------------+-----
Fighting       | 3 4 5 6 8 11 13 14 15 16 | 16.9
Maces & Flails | 1 2 3 4 5 6 8 10 13 15 16 17 19 20 22 | 22.6
Throwing       | 5 6 7 8 9 10 16 17 | 17.2
Dodging        | 4 6 7 8 9 10 11 | 11.1
Evocations     | 2 4 |  4.0
Stealth        | 2 3 |  3.0
Armour         | |  0.5

Action                   |  1- 3 |  4- 6 |  7- 9 | 10-12 | 13-15 | 16-18 || total
-------------------------+-------+-------+-------+-------+-------+-------++-------
Melee: Short sword       |    15 |       |       |       |       |       ||    15
       Club              |    28 |    25 |       |       |       |       ||    53
       Morningstar       |       |    24 |   216 |   631 |       |       ||   871
       Giant spiked club |       |       |       |   120 |  1038 |   304 ||  1462
 Fire: Hunting sling     |    29 |   181 |    37 |     2 |       |       ||   249
       Blowgun           |       |       |       |    13 |     3 |    10 ||    26
       Shortbow          |       |       |       |    11 |    22 |       ||    33
       Longbow           |       |       |       |       |     4 |       ||     4
Throw: Stone             |    30 |       |       |       |       |       ||    30
       Large rock        |     8 |     3 |    43 |    91 |   100 |   174 ||   419
       Throwing net      |     1 |       |       |       |     3 |     2 ||     6
       Tomahawk          |       |       |     3 |     4 |   202 |    90 ||   299
       Javelin           |       |       |       |     7 |   180 |   109 ||   296
Invok: Trog's Hand       |       |       |     2 |    12 |    25 |    15 ||    54
       Berserk           |       |       |     1 |     4 |     1 |     2 ||     8
       Brothers in Arms  |       |       |       |     2 |     4 |     2 ||     8
Evoke: Sack of spiders   |       |       |       |     7 |     8 |       ||    15
       Wand              |       |       |       |       |    40 |     3 ||    43
       Deck              |       |       |       |       |       |     2 ||     2
       Phial of floods   |       |       |       |       |       |     1 ||     1
  Use: Scroll            |       |       |    16 |     8 |    17 |     8 ||    49
       Potion            |       |       |     3 |     5 |     5 |     1 ||    14
 Stab: Sleeping          |       |       |     2 |     1 |     2 |     2 ||     7
       Held in net/web   |       |       |       |     4 |       |       ||     4
       Distracted        |       |       |       |       |     3 |       ||     3
  Eat: Chunk             |     1 |     6 |    12 |    26 |    49 |    23 ||   117
       Pizza             |       |       |     1 |       |       |       ||     1
       Beef jerky        |       |       |       |     2 |       |     1 ||     3
Armor: Robe              |    11 |    54 |    38 |    23 |       |       ||   126
       Troll hide        |       |       |       |   100 |   104 |       ||   204
       Troll leather arm |       |       |       |       |       |    56 ||    56
Dodge: Dodged            |    23 |    76 |   117 |   342 |   764 |   227 ||  1549
Block: Other             |       |       |       |    10 |   134 |    24 ||   168
       Reflection        |       |       |       |       |     5 |     3 ||     8
